 Dungeon Crawl Stone Soup version 0.25.1-8-g42b30a86e7 (webtiles) character file.

Game seed: 6680652697410339621

267 hawla the Cleaver (level 6, -4/50 HPs)
             Began as a Minotaur Gladiator on Dec 10, 2020.
             Slain by Pikel
             ... wielding a +0 whip of electrocution
              (9 damage)
             ... on level 4 of the Dungeon.
             The game lasted 00:06:55 (4132 turns).

hawla the Cleaver (Minotaur Gladiator)              Turns: 4132, Time: 00:06:56

Health: -4/50      AC:  2    Str: 21    XL:     6   Next: 0%
Magic:  5/5        EV: 13    Int:  7    God:
Gold:   231        SH:  0    Dex: 12    Spells: 5/5 levels left

rFire    . . .     SeeInvis .   e - +10 mace of Virtue {vorpal, rC+ MR+ Str+3}
rCold    + . .     Gourm    .   (no shield)
rNeg     . . .     Faith    .   b - +0 leather armour
rPois    .         Spirit   .   c - +0 hat
rElec    .         Reflect  .   (no cloak)
rCorr    .         Harm     .   t - +0 pair of gloves
MR       ++...                  (no boots)
Stlth    +.........             (no amulet)
HPRegen  0.16/turn              (no ring)
MPRegen  0.09/turn              (no ring)

@: no status effects
A: retaliatory headbutt, horns 2, blurry vision 1, deformed body, magic
resistance 1
a: no special abilities


You were on level 4 of the Dungeon.
You were very hungry.

You visited 1 branch of the dungeon, and saw 4 of its levels.

You collected 231 gold pieces.

Inventory:

Hand Weapons
 a - a +0 war axe
 e - the +10 mace of Virtue (weapon) {vorpal, rC+ MR+ Str+3}
   (You found it on level 4 of the Dungeon)

   It inflicts extra damage upon your enemies.
   It affects your strength (+3).
   It protects you from cold.
   It affects your resistance to hostile enchantments.
Missiles
 d - 3 throwing nets (quivered)
Armour
 b - a +0 leather armour (worn)
 c - a +0 hat (worn)
 r - a +0 scale mail
 t - a +0 pair of gloves (worn)
Jewellery
 v - an uncursed ring of fire {unknown}
Scrolls
 h - a scroll of fear {unknown}
 i - 4 scrolls of enchant armour {unknown}
 l - a scroll of magic mapping {unknown}
 n - 3 scrolls of remove curse {unknown}
 o - a scroll of amnesia {unknown}
 p - 4 scrolls of teleportation {unknown}
 q - a scroll of enchant weapon {unknown}
 u - 2 scrolls of fog {unknown}
Potions
 g - 2 potions of stabbing
 j - a potion of resistance
 k - a potion of magic
 m - 2 potions of flight {unknown}
Comestibles
 f - 7 rations


   Skills:
 - Level 2.4 Fighting
 - Level 8.1 Axes
 + Level 0.5(5.0) Maces & Flails
 - Level 2.0 Throwing
 - Level 3.2 Dodging


You had 5 spell levels left.
You didn't know any spells.
Your spell library was empty.

Dungeon Overview and Level Annotations

Branches:
Dungeon (4/15)
 Temple: D:4-7

Altars:
Nemelex Xobeh

Shops:
D:4 [

Annotations:
D:4 Grinder, Pikel


Innate Abilities, Weirdness & Mutations

You reflexively headbutt those who attack you in melee.
You have a pair of horns on your head.
Scrolls take you a little longer to read.
Armour fits poorly on your strangely shaped body.
You are resistant to hostile enchantments. (MR+)


Message History

You furiously retaliate!
You headbutt the slave. The slave hits you.
Pikel hits you with a +0 whip of electrocution.
The slave hits you. The slave barely misses you.
You hit Pikel. Your headbutt misses Pikel.
Pikel is lightly wounded.
You are feeling very hungry.
The gnoll misses you. The slave hits you. The slave barely misses you.
Pikel hits you with a +0 whip of electrocution.
An orc comes into view. It is wielding a +0 whip.
The slave hits you. The slave hits you but does no damage.
The slave closely misses you.
The gnoll hits you from afar with a +0 spear!
* * * LOW HITPOINT WARNING * * *
The slave hits you but does no damage.
You sock Pikel!
Pikel is moderately wounded.
Pikel hits you with a +0 whip of electrocution!
* * * LOW HITPOINT WARNING * * *
You are electrocuted!
You die...

...∩..#.........#
......#.........#
......#.........#
......#.........#
####.####.###########
#
#.####.##...##..<##..
..............$....%..
...........†.p.K......
...........ghp@p.....o
...........rg##p..##+#
...........g.# ####
##.####.##...# #.
#.##...# .. g.g..
........r. .5.$...


You could see Pikel, 4 slaves, a hound, 3 gnolls, an orc and a quokka.

Vanquished Creatures
  An ogre (D:3)
  Robin (D:3)
  9 adders
  2 oozes
  A worm (D:2)
  3 dart slugs
  2 leopard geckos
  An orc (D:2)
  A ball python (D:2)
  5 giant cockroaches
  5 hobgoblins
  6 jackals
  7 kobolds
  8 bats
  3 frilled lizards
  12 goblins
  A jackal skeleton (D:4)
  A quokka skeleton (D:4)
  5 rats
74 creatures vanquished.

Notes
Turn   | Place    | Note
-------+----------+-------------------------------------------
     0 | D:1      | hawla the Minotaur Gladiator began the quest for the Orb.
     0 | D:1      | Reached XP level 1. HP: 18/18 MP: 0/0
    81 | D:1      | Reached skill level 4 in Axes
   256 | D:1      | Reached XP level 2. HP: 25/25 MP: 1/1
  1385 | D:2      | Reached skill level 5 in Axes
  1387 | D:2      | Reached XP level 3. HP: 25/30 MP: 2/2
  2086 | D:2      | Reached XP level 4. HP: 34/37 MP: 3/3
  2088 | D:2      | Reached skill level 6 in Axes
  2775 | D:2      | Found a sparkling altar of Nemelex Xobeh.
  3387 | D:3      | Reached XP level 5. HP: 42/42 MP: 4/4
  3430 | D:3      | Noticed an ogre
  3433 | D:3      | Killed an ogre
  3433 | D:3      | Reached skill level 7 in Axes
  3503 | D:3      | Identified the +0 helmet of Valour {rN+ rCorr Str-4 Dex+4}
  3503 | D:3      | Noticed Robin
  3508 | D:3      | Reached skill level 8 in Axes
  3511 | D:3      | Killed Robin
  4046 | D:4      | Gained mutation: Armour fits poorly on your strangely
                  | shaped body. [potion of mutation]
  4046 | D:4      | Gained mutation: Scrolls take you a little longer to read.
                  | [potion of mutation]
  4046 | D:4      | Gained mutation: You are resistant to hostile enchantments.
                  | (MR+) [potion of mutation]
  4054 | D:4      | Got an iridescent mace
  4058 | D:4      | Identified the +10 mace of Virtue {vorpal, rC+ MR+ Str+3}
                  | (You found it on level 4 of the Dungeon)
  4069 | D:4      | Found Qetinugu's Armour Boutique.
  4123 | D:4      | Noticed a slave
  4123 | D:4      | Noticed a slave
  4123 | D:4      | Reached XP level 6. HP: 50/50 MP: 5/5
  4125 | D:4      | Noticed a slave
  4125 | D:4      | Noticed Pikel
  4126 | D:4      | Noticed a slave
  4128 | D:4      | Noticed Grinder
  4132 | D:4      | Slain by Pikel

Illustrated notes

Levels and vault maps discovered:
D:1:      nzn_arrival_crosshair, layout_basic
D:2:      layout_basic, kennysheep_nondescript, chequers_serial_rivers_micro_a,
          nemelex_dance_club_becter
D:3:      layout_loops_corners, uniq_robin
D:4:      layout_gridville, serial_shops, shop, uniq_pikel, uniq_grinder

Skill      XL: |  1  2  3  4  5 |
---------------+----------------+-----
Axes           | 4 5 6 8 |  8.1
Fighting       | |  2.4
Maces & Flails | |  0.5
Throwing       | |  2.0
Dodging        | |  3.2

Action                   |  1- 3 |  4- 6 || total
-------------------------+-------+-------++-------
Melee: War axe           |    83 |    63 ||   146
       Headbutt          |     7 |     9 ||    16
       Mace              |       |     4 ||     4
  Use: Scroll            |       |     4 ||     4
       Potion            |       |     1 ||     1
  Eat: Chunk             |     3 |     6 ||     9
Armor: Leather armour    |    20 |    22 ||    42
Dodge: Dodged            |    73 |    61 ||   134
